 Dungeon Crawl Stone Soup version 0.29.1-15-g9cfb28693d (console) character file.

Game seed: 7520090505425747753

2 thromnambular the Ogre Mage (level 1, -3/9 (18) HPs)
             Began as an Ogre Hedge Wizard on Apr 30, 2023.
             Slain by a kobold
             ... wielding a +1 short sword of draining
              (4 damage)
             ... on level 1 of the Dungeon.
             The game lasted 00:00:22 (140 turns).

thromnambular the Ogre Mage (Ogre Hedge Wizard)      Turns: 140, Time: 00:00:23

HP:   -3/9 (18)     AC:  3    Str: 13    XL:     1   Next: 30%
MP:   5/5           EV:  9    Int: 15    God:
Gold: 14            SH:  0    Dex:  8    Spells: 6/7 levels left

rFire   . . .      SeeInvis .   a - +0 dagger
rCold   . . .      Faith    .   (no shield)
rNeg    . . .      Spirit   .   b - +0 robe
rPois   .          Reflect  .   c - +0 hat
rElec   .          Harm     .   (no cloak)
rCorr   .          Rampage  .   (gloves unavailable)
Will    .....                   (boots unavailable)
Stlth   +.........              (no amulet)
HPRegen 0.03/turn               (no ring)
MPRegen 0.09/turn               (no ring)

@: extremely drained
A: large, unfitting armour, tough skin 1
a: no special abilities


You were on level 1 of the Dungeon.
You visited 1 branch of the dungeon, and saw 1 of its levels.

You collected 14 gold pieces.

Inventory:

Hand Weapons
 a - a +0 dagger (weapon)
Armour
 b - a +0 robe (worn)
 c - a +0 hat (worn)
Scrolls
 e - a scroll of acquirement {unknown}
Potions
 d - a potion of magic


   Skills:
 + Level 0.5 Fighting
 + Level 1.8 Dodging
 - Level 1.4 Stealth
 - Level 3.6 Spellcasting
 - Level 0.8 Conjurations
 - Level 0.8 Summonings
 - Level 0.8 Translocations


You had 6 spell levels left.
You knew the following spells:

 Your Spells              Type           Power      Damage    Failure   Level
a - Magic Dart            Conj           20%        1d4       13%         1

Your spell library contained the following spells:

 Spells                   Type           Power      Damage    Failure   Level
 Slow                     Hex            8%         N/A       19%         1
 Blink                    Tloc           10%        N/A       21%         2
 Call Imp                 Summ           5%         N/A       21%         2
 Conjure Flame            Conj/Fire      4%         6-21      43%         3
 Mephitic Cloud           Conj/Pois/Air  3%         N/A       45%         3


Dungeon Overview and Level Annotations

Branches:
Dungeon (1/15)

Altars:


Innate Abilities, Weirdness & Mutations

You are too large for most types of armour.
You have tough skin. (AC +1)


Message History

The kobold throws a stone.
The stone hits you but does no damage. The frilled lizard bites you.
You barely miss the frilled lizard.
The frilled lizard is heavily wounded.
The frilled lizard bites you but does no damage.
You hit the frilled lizard.
You kill the frilled lizard!
The kobold hits you with a +1 short sword of draining.
You feel drained.
You closely miss the kobold. The kobold hits you but does no damage.
You feel drained.
You closely miss the kobold.
The kobold hits you with a +1 short sword of draining.
You feel drained.
You closely miss the kobold. The kobold closely misses you.
You closely miss the kobold.
The kobold hits you with a +1 short sword of draining.
You feel drained.
You closely miss the kobold. The kobold hits you but does no damage.
You feel drained.
You hit the kobold but do no damage.
The kobold hits you with a +1 short sword of draining.
You feel drained.
You are too injured to fight recklessly!
You hit the kobold.
The kobold is severely wounded.
The kobold hits you with a +1 short sword of draining.
You feel drained.
You hit the kobold but do no damage.
The kobold is severely wounded.
The kobold closely misses you.
You barely miss the kobold.
The kobold is severely wounded.
The kobold hits you with a +1 short sword of draining.
* * * LOW HITPOINT WARNING * * *
You feel drained.
You closely miss the kobold.
The kobold is severely wounded.
The kobold hits you with a +1 short sword of draining.
You die...

♣♣♣♣♣♣ ♣♣
♣♣♣....♣♣♣♣ ♣.♣
♣♣...♣.....♣♣♣♣...
#..♣♣♣♣♣.....♣...≈
##..♣ ♣♣♣♣♣...≈≈≈
#..♣♣ ♣♣~≈≈≈♣ ##@♣
♣♣♣~~≈♣♣♣
$.....K#..♣
♣≈~≈..♣♣♣ ......K
#.... ♣♣~♣♣...♣
#...... ##.... ♣♣
♣♣♣.† ...#.## ...
♣♣♣ .. .. .. . ..
. ...


You could see 2 kobolds.

Vanquished Creatures
  A quokka (D:1)
  A frilled lizard (D:1)
2 creatures vanquished.

Notes
Turn   | Place    | Note
-------+----------+-------------------------------------------
     0 | D:1      | thromnambular the Ogre Hedge Wizard began the quest for the
                  | Orb.
     0 | D:1      | Reached XP level 1. HP: 16/16 MP: 5/5
   140 | D:1      | Slain by a kobold

Illustrated notes

Levels and vault maps discovered:
D:1:      kilobyte_arrival_exit_the_forest, layout_basic,
          chequers_serial_rivers_room_b, minmay_bisected

Action                   || total
-------------------------++-------
Melee: Dagger            ||    21
Armor: Robe              ||     9
Dodge: Dodged            ||     8
